 Dungeon Crawl Stone Soup version 0.20.0 (webtiles) character file.

887 Llamajah the Shield-Bearer (level 8, -1/62 HPs)
             Began as a Formicid Fighter on June 19, 2017.
             Was a Believer of Okawaru.
             Killed by divine providence
             ... invoked by an orc priest
              (14 damage)
             ... on level 5 of the Dungeon.
             The game lasted 00:11:30 (4551 turns).

Llamajah the Shield-Bearer (Formicid Fighter)       Turns: 4551, Time: 00:11:31

Health: -1/62      AC: 13    Str: 23    XL:     8   Next: 26%
Magic:  8/8        EV:  7    Int:  8    God:    Okawaru [**....]
Gold:   271        SH: 16    Dex: 14    Spells: 7/7 levels left

rFire    . . .     SeeInvis +   a - +0 war axe
rCold    + . .     Gourm    .   m - +0 large shield
rNeg     . . .     Faith    .   n - +0 chain mail
rPois    +         Spirit   .   (helmet unavailable)
rElec    .         Reflect  .   k - +1 cloak
rCorr    .         Harm     +   D - +0 pair of gloves of Jaonoem {rPois rC+ Dex+4}
MR       .....                  (no boots)
Stlth    ..........             p - amulet of harm
Regen    0.2/turn               (no ring)
MPRegen  0.2/turn               (no ring)

@: no status effects
A: permanent stasis, dig shafts and tunnels, four strong arms, antennae 3
a: Dig, Shaft Self, Heroism, Renounce Religion


You were on level 5 of the Dungeon.
You worshipped Okawaru.
Okawaru was pleased with you.
You were not hungry.

You visited 1 branch of the dungeon, and saw 5 of its levels.

You collected 271 gold pieces.

Inventory:

Hand Weapons
 a - a +0 war axe (weapon)
Armour
 c - a +0 shield
 k - a +1 cloak (worn)
 m - a +0 large shield (worn)
 n - a +0 chain mail (worn)
 A - a +0 pair of gloves
 D - the +0 pair of gloves of Jaonoem (worn) {rPois rC+ Dex+4}
   (You found it on level 4 of the Dungeon)

   It affects your dexterity (+4).
   It protects you from cold.
   It protects you from poison.
Jewellery
 p - an amulet of harm (around neck)
Wands
 r - a wand of polymorph (14/24)
 B - a wand of iceblast (10/15)
Scrolls
 b - 2 scrolls of amnesia {unknown}
 e - 6 scrolls of remove curse {unknown}
 h - a scroll of enchant armour {unknown}
 i - 9 scrolls of identify {unknown}
 o - a scroll of random uselessness {unknown}
 s - a scroll of fear {unknown}
 y - 2 scrolls of teleportation {unknown}
Potions
 d - a potion of might
 g - 2 potions of flight {unknown}
 j - 3 potions of haste {unknown}
 l - 3 potions of curing {unknown}
 q - 2 potions of lignification {unknown}
 w - a potion of agility {unknown}
 x - a potion of resistance {unknown}
 z - 2 potions of cancellation {unknown}
Comestibles
 f - a bread ration
 t - 9 fruits
 u - a royal jelly
 v - 5 meat rations
 C - 3 chunks of flesh


   Skills:
 + Level 5.1 Fighting
 + Level 4.3 Axes
 + Level 4.9 Armour
 * Level 4.2 Dodging
 + Level 5.8 Shields


You had 7 spell levels left.
You didn't know any spells.

Dungeon Overview and Level Annotations

Branches:
Dungeon (5/15)
 Temple: D:4-7

Altars:
Kikubaaqudgha
Makhleb
Okawaru
Ru
Sif Muna
Zin


Innate Abilities, Weirdness & Mutations

You cannot be hasted, slowed, berserked, paralysed or teleported.
You can dig through walls and to a lower floor.
Your four strong arms can wield two-handed weapons with a shield.
You have a pair of large antennae on your head. (SInv)


Message History

Okawaru accepts your kill.
You hit the orc priest.
The orc priest is moderately wounded.
The orc priest invokes the aid of Beogh against you.
Beogh smites you!
* * * LOW HITPOINT WARNING * * *
You barely miss the orc priest.
The orc priest is moderately wounded.
You block the orc priest's attack.
You hit the orc priest.
The orc priest is severely wounded.
You block the orc priest's attack.
You hit the orc priest but do no damage.
The orc priest is severely wounded.
You block the orc priest's attack.
You barely miss the orc priest.
The orc priest is severely wounded.
The orc priest mumbles some strange prayers to Beogh against you.
Beogh smites you!
You die...

# #.# # #.# # #.#
# # ####.#####.. #
.# ####..........#
## ##.#
##....##.######
.##...###..#####.#
>...###...## #$#
#..##...### #@#
#..)..### #o#
...#### #g# ...#
#o# ...### #.#
.....### #.#
.#.....#### ...
.##..#..... .##
###.>.#####


You could see an orc priest, a gnoll and an orc.

Vanquished Creatures
  A sky beast (D:5)
  2 ogres
  A centaur (D:4)
  A bullfrog (D:3)
  A scorpion (D:4)
  2 orc priests (D:3)
  2 orc wizards (D:4)
  4 worker ants
  A hound zombie (D:5)
  Robin (D:4)
  6 adders
  4 gnolls (D:5)
  3 oozes
  3 worms (D:2)
  A leopard gecko (D:2)
  8 orcs
  2 ball pythons (D:2)
  8 bats
  4 giant cockroaches
  11 goblins
  11 hobgoblins
  11 jackals
  3 quokkas
  6 frilled lizards
  9 kobolds
  12 rats
118 creatures vanquished.

Notes
Turn   | Place    | Note
-------+----------+-------------------------------------------
     0 | D:1      | Llamajah the Formicid Fighter began the quest for the Orb.
     0 | D:1      | Reached XP level 1. HP: 18/18 MP: 1/1
   138 | D:1      | Reached XP level 2. HP: 23/24 MP: 2/2
   669 | D:1      | Reached XP level 3. HP: 24/29 MP: 3/3
   721 | D:1      | Reached skill level 1 in Dodging
   935 | D:2      | Found an iron altar of Okawaru.
   942 | D:2      | Reached XP level 4. HP: 36/36 MP: 4/4
   982 | D:2      | Became a worshipper of Warmaster Okawaru
  1787 | D:2      | Reached XP level 5. HP: 35/42 MP: 5/5
  1918 | D:2      | Found an ancient bone altar of Kikubaaqudgha.
  2205 | D:2      | Found a glowing silver altar of Zin.
  2454 | D:3      | Reached XP level 6. HP: 37/48 MP: 6/6
  2813 | D:3      | Reached * piety under Okawaru
  3004 | D:3      | Found a sacrificial altar of Ru.
  3197 | D:4      | Reached skill level 5 in Shields
  3341 | D:4      | Reached XP level 7. HP: 37/55 MP: 7/7
  3650 | D:4      | Noticed Robin
  3660 | D:4      | Killed Robin
  3748 | D:4      | Got a pair of encrusted gloves
  3759 | D:4      | Identified the +0 pair of gloves of Jaonoem {rPois rC+ Dex+4} (You found it on level 4 of the Dungeon)
  3794 | D:4      | Found a deep blue altar of Sif Muna.
  3831 | D:4      | Found a burning altar of Makhleb.
  4109 | D:5      | Entered Level 5 of the Dungeon
  4120 | D:5      | Reached XP level 8. HP: 7/61 MP: 8/8
  4445 | D:5      | Reached skill level 5 in Fighting
  4545 | D:5      | Reached ** piety under Okawaru
  4551 | D:5      | Killed from afar by an orc priest

Skill      XL: |  1  2  3  4  5  6  7  8 |
---------------+-------------------------+-----
Shields        | 4 5 |  5.8
Dodging        | 1 2 3 4 |  4.2
Fighting       | 4 5 |  5.1
Axes           | 3 4 |  4.3
Armour         | 4 |  4.9

Action                   |  1- 3 |  4- 6 |  7- 9 || total
-------------------------+-------+-------+-------++-------
Melee: War axe           |   141 |   200 |   120 ||   461
 Abil: Dig               |       |     1 |       ||     1
  Eat: Chunk             |     1 |     7 |     5 ||    13
Armor: Scale mail        |    16 |       |       ||    16
       Chain mail        |    66 |   122 |    39 ||   227
Dodge: Dodged            |    33 |    32 |    37 ||   102
Block: Shield            |    34 |       |       ||    34
       Large shield      |    83 |   196 |   125 ||   404
